 Dungeon Crawl Stone Soup version 0.26.1-11-gd32895ea62 (webtiles) character file.

Game seed: 2939189920039543637

3208 Almogavar the Cleaver (level 9, -8/79 HPs)
             Began as a Hill Orc Fighter on May 20, 2021.
             Was a Priest of Makhleb.
             Mangled by a hornet (9 damage)
             ... on level 8 of the Dungeon.
             The game lasted 00:19:25 (8151 turns).

Almogavar the Cleaver (Hill Orc Fighter)            Turns: 8151, Time: 00:19:26

Health: -8/79      AC: 13    Str: 22    XL:     9   Next: 97%
Magic:  9/9        EV: 11    Int:  8    God:    Makhleb [***...]
Gold:   321        SH:  7    Dex: 10    Spells: 8/8 levels left

rFire    . . .     SeeInvis +   q - +3 war axe
rCold    . . .     Faith    .   l - +2 buckler
rNeg     . . .     Spirit   .   b - +0 scale mail
rPois    .         Reflect  .   c - +0 helmet
rElec    .         Harm     .   r - +0 cloak
rCorr    .         Rampage  .   (no gloves)
Will     .....                  i - +2 pair of boots
Stlth    ..........             (no amulet)
HPRegen  0.23/turn              g - ring of wizardry
MPRegen  0.11/turn              p - ring of see invisible

@: mighty, lethally poisoned (-8 -> -10), slowed, very slow
A: no striking features
a: Renounce Religion, Minor Destruction, Lesser Servant of Makhleb


You were on level 8 of the Dungeon.
You worshipped Makhleb.
Makhleb was most pleased with you.
You visited 2 branches of the dungeon, and saw 9 of its levels.
You also visited: Ossuary.

You collected 321 gold pieces.

Inventory:

Hand Weapons
 a - a +0 war axe
 q - a +3 war axe (weapon)
 z - a +1 vorpal war axe
Missiles
 t - 5 boomerangs
 y - 19 poisoned darts (quivered)
Armour
 b - a +0 scale mail (worn)
 c - a +0 helmet (worn)
 i - a +2 pair of boots (worn)
 l - a +2 buckler (worn)
 o - a +2 kite shield
 r - a +0 cloak (worn)
 E - a +0 chain mail
Jewellery
 g - a ring of wizardry (left hand)
 p - a ring of see invisible (right hand)
Wands
 D - a wand of disintegration (14)
Scrolls
 h - 5 scrolls of teleportation
 m - 4 scrolls of enchant weapon
 n - 3 scrolls of remove curse
 u - 3 scrolls of fog
 v - a scroll of fear
 B - 5 scrolls of amnesia
 C - a scroll of noise {unknown}
Potions
 e - a potion of magic
 j - 2 potions of brilliance
 s - 3 potions of resistance
 w - a potion of invisibility {unknown}
 A - 2 potions of flight {unknown}


   Skills:
 + Level 7.2 Fighting
 + Level 12.2 Axes
 + Level 7.0 Armour
 + Level 3.0 Dodging
 - Level 0.1 Stealth
 - Level 6.1 Shields


You had 8 spell levels left.
You didn't know any spells.
Your spell library was empty.

Dungeon Overview and Level Annotations

Branches:
Dungeon (8/15)             Temple (1/1) D:4         Ossuary (visited)
   Lair: D:8-11

Altars:
Ashenzari
Cheibriados
Dithmenos
Elyvilon
Fedhas
Gozag
Hepliaklqana
Kikubaaqudgha
Makhleb
Nemelex Xobeh
Okawaru
Qazlal
Ru
Sif Muna
Trog
Uskayaw
Vehumet
Wu Jian
Xom
Yredelemnul
Zin
The Shining One


Message History

The hornet stings you.
* * * LOW HITPOINT WARNING * * *
You suddenly lose the ability to move!
You can move again.
You feel better. The hornet stings you!
* * * LOW HITPOINT WARNING * * *
You are poisoned.
You feel as though you will be slow longer.
The hornet stings you but does no damage.
You hit the hornet but do no damage.
The hornet is almost dead.
You feel sick.
The hornet stings you but does no damage. x2
Unknown command.
You feel very mighty all of a sudden.
You feel sick. The hornet stings you.
* * * LOW HITPOINT WARNING * * *
You feel as though you will be slow longer.
The hornet stings you!
You die...

#.######...###
*,**** #.# #...#
*,,,,* #.###
###.### ****,*
#...# #.....# *,*
###.###.....# *,*
#...........# *,*
#.#.##......# *,*
###.#.##......# *,*
#.....##@###### *,*
#.#.####y# *,*
#.#.####.# *,*
#.#..53..# *,*
#......### *,*
#####...# *,* #...#
**********,*
#...#***,,,,,,,,,,*
##....,,,**********


You could see a hornet.

Vanquished Creatures
  Prince Ribbit (D:6)
  Eustachio (D:6)
  An orc warrior (D:8)
  A water moccasin (D:8)
  2 black bears
  An ice beast (D:8)
  2 ogres (D:4)
  2 phantoms
  An eye of draining (D:8)
  A centaur (D:5)
  2 elf zombies (Ossuary)
  5 bullfrogs
  A gnoll sergeant (D:8)
  2 scorpions
  5 wights (D:8)
  4 howler monkeys (D:7)
  3 centaur zombies
  4 hounds
  A jelly (D:5)
  3 orc priests
  Crazy Yiuf (D:6)
  A centaur skeleton (D:4)
  2 orc wizards
  Jessica (D:2)
  5 worker ants
  2 mummies (Ossuary)
  Robin (D:2)
  3 gnolls (D:8)
  8 adders
  A shadow imp (D:8)
  2 white imps
  2 ufetubi (D:5)
  2 oozes
  3 adder zombies (Ossuary)
  3 adder skeletons
  2 worms (D:2)
  2 dart slugs (D:1)
  5 leopard geckos
  26 orcs
  7 giant cockroaches
  13 goblins
  6 hobgoblins
  9 jackals
  2 ball pythons
  7 bats
  7 frilled lizards
  10 hobgoblin zombies (Ossuary)
  A jackal zombie (Ossuary)
  10 kobolds
  6 kobold zombies (Ossuary)
  A leopard gecko skeleton (D:5)
  12 orc zombies (Ossuary)
  2 quokka skeletons
  A quokka zombie (D:5)
  5 rats
  A rat zombie (Ossuary)
215 creatures vanquished.

Vanquished Creatures (others)
  42 plants (D:1)
42 creatures vanquished.

Grand Total: 257 creatures vanquished

Notes
Turn   | Place    | Note
-------+----------+-------------------------------------------
     0 | D:1      | Almogavar the Hill Orc Fighter began the quest for the Orb.
     0 | D:1      | Reached XP level 1. HP: 19/19 MP: 1/1
   157 | D:1      | Reached XP level 2. HP: 26/27 MP: 2/2
   366 | D:1      | Reached skill level 3 in Axes
   422 | D:1      | Reached XP level 3. HP: 25/33 MP: 3/3
  1439 | D:2      | Noticed Robin
  1470 | D:2      | Killed Robin
  1471 | D:2      | Reached XP level 4. HP: 17/40 MP: 4/4
  1811 | D:2      | Reached skill level 4 in Axes
  2037 | D:2      | Found a shimmering blue altar of Sif Muna.
  2276 | D:2      | Noticed Jessica
  2282 | D:2      | Killed Jessica
  2283 | D:2      | Reached XP level 5. HP: 36/46 MP: 5/5
  2627 | D:3      | Found a radiant altar of Vehumet.
  2664 | D:3      | Found a shadowy altar of Dithmenos.
  3170 | D:3      | Found a broken altar of Ashenzari.
  3240 | D:4      | Noticed an ogre
  3341 | D:4      | Noticed a phantom
  3353 | D:4      | Killed a phantom
  3354 | D:4      | Reached skill level 5 in Axes
  3354 | D:4      | Reached XP level 6. HP: 53/53 MP: 6/6
  3367 | D:4      | Reached skill level 1 in Dodging
  3436 | D:4      | Found a staircase to the Ecumenical Temple.
  3448 | D:4      | Reached skill level 6 in Axes
  3448 | D:4      | Reached skill level 5 in Shields
  3458 | Temple   | Entered the Ecumenical Temple
  3519 | Temple   | Became a worshipper of Makhleb the Destroyer
  3643 | D:4      | Reached XP level 7. HP: 45/60 MP: 7/7
  4421 | D:5      | Entered Level 5 of the Dungeon
  4660 | D:5      | Reached skill level 5 in Fighting
  4660 | D:5      | Reached skill level 7 in Axes
  4913 | D:5      | Reached skill level 5 in Armour
  5341 | D:6      | Reached XP level 8. HP: 68/68 MP: 8/8
  5503 | D:6      | Reached * piety under Makhleb
  5605 | D:6      | Found a runed translucent door.
  5625 | D:6      | Noticed Crazy Yiuf
  5689 | D:6      | Reached skill level 8 in Axes
  5720 | D:6      | Noticed Eustachio
  5733 | D:6      | Killed Eustachio
  5845 | D:6      | Noticed Prince Ribbit
  5877 | D:6      | Killed Prince Ribbit
  5878 | D:6      | Reached skill level 9 in Axes
  6225 | D:6      | Killed Crazy Yiuf
  6400 | D:7      | Reached XP level 9. HP: 71/75 MP: 9/9
  6444 | D:7      | Reached skill level 10 in Axes
  7271 | D:8      | Reached ** piety under Makhleb
  7275 | D:8      | Reached skill level 11 in Axes
  7349 | D:8      | Found a sand-covered staircase.
  7356 | Ossuary  | Entered an ossuary
  7525 | Ossuary  | Reached *** piety under Makhleb
  7797 | D:8      | Reached skill level 12 in Axes
  8118 | D:8      | Noticed a hornet
  8121 | D:8      | Paralysed by a hornet for 3 turns
  8127 | D:8      | Paralysed by a hornet for 3 turns
  8148 | D:8      | Paralysed by a hornet for 1 turns
  8151 | D:8      | HP: 1/79 [hornet (5)]
  8151 | D:8      | Mangled by a hornet

Illustrated notes

Levels and vault maps discovered:
D:1:      roderic_crop_circles_arrival_small, layout_basic, serial_forest,
          infiniplex_forest_lined_2, infiniplex_forest_straight_2,
          infiniplex_forest_join, infiniplex_forest_clump_double,
          infiniplex_forest_clump_double, infiniplex_forest_clump_long,
          kennysheep_another_room
D:2:      minmay_inner_zag, layout_basic, lemuel_round_altar, uniq_robin,
          uniq_jessica
D:3:      layout_basic, nicolae_overflow_hidden_temple, lemuel_round_altar,
          ashenzari_altar_1
D:4:      layout_rooms, minmay_temple_entry_trees
D:5:      layout_cave_pools, serial_rivers, chequers_serial_rivers_marsh,
          chequers_serial_rivers_micro_a, chequers_serial_rivers_micro_b,
          chequers_serial_rivers_small_b, chequers_serial_rivers_small_3
D:6:      black_bear_nest_1, layout_basic, uniq_crazy_yiuf_cottage,
          uniq_eustachio, uniq_prince_ribbit1
D:7:      layout_basic
D:8:      layout_loops_cross, enter_ossuary_1
Temple:   compressed_dpeg_circular_temple

Skill      XL: |  1  2  3  4  5  6  7  8  9 |
---------------+----------------------------+-----
Fighting       | 4 5 7 |  7.2
Axes           | 3 4 5 6 7 9 12 | 12.2
Armour         | 4 5 6 7 |  7.0
Shields        | 4 5 6 |  6.1
Dodging        | 1 2 3 |  3.0
Stealth        | |  0.1

Action                   |  1- 3 |  4- 6 |  7- 9 || total
-------------------------+-------+-------+-------++-------
Melee: War axe           |   183 |   171 |   388 ||   742
Throw: Boomerang         |       |       |     5 ||     5
       Dart              |       |       |     8 ||     8
Invok: Lesser Servant of |       |       |     1 ||     1
  Use: Scroll            |     1 |     6 |     9 ||    16
       Potion            |       |       |     8 ||     8
Armor: Scale mail        |    70 |    59 |   152 ||   281
Dodge: Dodged            |    45 |    34 |   136 ||   215
Block: Kite shield       |    92 |   109 |    99 ||   300
       Buckler           |       |       |    77 ||    77
